 Dungeon Crawl Stone Soup version 0.28.0-45-g0d030f2227 (webtiles) character file.

Game seed: 2221128781515700432

196 pkoi the Ruffian (level 5, -6/41 HPs)
             Began as a Demigod Gladiator on Apr 18, 2022.
             Splashed by a jelly's acid (8 damage)
             ... on level 5 of the Dungeon.
             The game lasted 00:04:16 (3922 turns).

pkoi the Ruffian (Demigod Gladiator)                Turns: 3922, Time: 00:04:16

Health: -6/41      AC: -4    Str: 19    XL:     5   Next: 21%
Magic:  0/7        EV: 13    Int: 10    God:
Gold:   50         SH:  0    Dex: 21    Spells: 4/4 levels left

rFire   . . .      SeeInvis +   o - +2 dagger (speed)
rCold   . . .      Faith    .   (no shield)
rNeg    . . .      Spirit   +   g - +3 leather armour
rPois   .          Reflect  .   b - +1 helmet
rElec   .          Harm     .   (no cloak)
rCorr   .          Rampage  .   (no gloves)
Will    .....                   (no boots)
Stlth   ++........              j - amulet of guardian spirit
HPRegen 0.13/turn               i - +6 ring of dexterity
MPRegen 0.10/turn               m - ring of see invisible

@: corroded
A: high MP 1, forlorn, divine attributes
a: no special abilities


You were on level 5 of the Dungeon.
You visited 1 branch of the dungeon, and saw 5 of its levels.

You collected 50 gold pieces.

Inventory:

Hand Weapons
 f - a +0 hand axe
 l - a +0 dagger of electrocution
 n - a +0 dagger
 o - a +2 dagger of speed (weapon)
Missiles
 c - 2 throwing nets (quivered)
 e - 5 poisoned darts
Armour
 a - a +0 leather armour
 b - a +1 helmet (worn)
 d - a +0 ring mail
 g - a +3 leather armour (worn)
Jewellery
 i - a +6 ring of dexterity (left hand)
 j - an amulet of guardian spirit (around neck)
 m - a ring of see invisible (right hand)
Potions
 h - 2 potions of might


   Skills:
 - Level 1.7 Fighting
 - Level 1.7 Throwing
 - Level 2.6 Dodging
 + Level 5.7 Unarmed Combat


You had 4 spell levels left.
You didn't know any spells.
Your spell library was empty.

Dungeon Overview and Level Annotations

Branches:
Dungeon (5/15)
 Temple: D:4-7

Annotations:
D:4 Edmund, Sigmund


Innate Abilities, Weirdness & Mutations

You have an increased reservoir of magic. (+10% MP)
You shall have no god before yourself.
Your divine heritage dramatically boosts your attributes as you level up.


Message History

HP restored.
A jelly comes into view.
The jelly quivers.
A jelly is nearby!
A jelly is nearby!
The jelly jiggles.
You hit the jelly but do no damage.
Your hands burn!
The jelly hits you but does no damage.
You hit the jelly.
Your hands burn!
The jelly is lightly wounded.
You hit the jelly. The acid corrodes you!
Your hands burn!
The jelly is moderately wounded.
The jelly hits you.
You are splashed with acid!
* * * LOW HITPOINT WARNING * * *
You hit the jelly but do no damage.
Your hands burn!
* * * LOW HITPOINT WARNING * * *
The jelly is moderately wounded.
The jelly misses you.
You hit the jelly but do no damage. The acid corrodes you!
Your hands burn!
* * * LOW HITPOINT WARNING * * *
The jelly is moderately wounded.
You hit the jelly but do no damage.
Your hands burn!
* * * LOW HITPOINT WARNING * * *
The jelly is moderately wounded.
The jelly hits you. The acid corrodes you!
You are splashed with acid!
* * * LOW HITPOINT WARNING * * *
You hit the jelly but do no damage.
Your hands burn!
* * * LOW HITPOINT WARNING * * *
The jelly is moderately wounded.
The jelly closely misses you.
You hit the jelly but do no damage.
Your hands burn!
* * * LOW HITPOINT WARNING * * *
The jelly is moderately wounded.
You hit the jelly but do no damage.
Your hands burn!
* * * LOW HITPOINT WARNING * * *
The jelly is moderately wounded.
The jelly hits you.
* * * LOW HITPOINT WARNING * * *
You are splashed with acid!
You die...

≈≈≈≈≈≈P ... .#
≈≈≈≈≈≈≈♣##.##.#########
≈≈≈≈≈≈≈≈#.............#
≈≈≈≈≈≈♣...............#
≈≈≈P≈≈≈...............#
≈≈P≈≈≈P<.....<........#
≈♣P≈≈♣♣.#.............#
≈≈≈ ♣≈...........J....#
≈ ♣≈..#.#.....@.....#
♣≈♣..#.#...........#
≈≈......#...........#
≈♣......##.............
....... ###+########..
....... . .....


You could see a jelly.

Vanquished Creatures
  A necrophage (D:4)
  A jelly (D:4)
  2 adders
  An adder zombie (D:5)
  A worm (D:2)
  A dart slug (D:2)
  4 orcs (D:3)
  2 ball pythons (D:3)
  5 bats
  2 endoplasms
  A giant cockroach (D:2)
  7 hobgoblins
  A jackal (D:2)
  3 quokkas
  2 frilled lizards (D:2)
  9 goblins
  6 kobolds
  5 rats
54 creatures vanquished.

Notes
Turn   | Place    | Note
-------+----------+-------------------------------------------
     0 | D:1      | pkoi the Demigod Gladiator began the quest for the Orb.
     0 | D:1      | Reached XP level 1. HP: 17/17 MP: 3/3
   375 | D:1      | Reached skill level 3 in Unarmed Combat
  1019 | D:2      | Reached XP level 2. HP: 22/24 MP: 4/4
  1717 | D:2      | Reached XP level 3. HP: 29/29 MP: 5/5
  1927 | D:2      | Reached skill level 4 in Unarmed Combat
  2836 | D:4      | Noticed Edmund
  2911 | D:4      | Noticed Sigmund
  3092 | D:4      | Reached XP level 4. HP: 15/36 MP: 2/6
  3297 | D:4      | Noticed a necrophage
  3320 | D:4      | Killed a necrophage
  3321 | D:4      | Reached skill level 5 in Unarmed Combat
  3321 | D:4      | Reached XP level 5. HP: 33/41 MP: 7/7
  3825 | D:5      | Entered Level 5 of the Dungeon
  3922 | D:5      | HP: 2/41 [jelly (2)]
  3922 | D:5      | Splashed by a jelly's acid

Illustrated notes

Levels and vault maps discovered:
D:1:      dpeg_arrival_ternary, layout_basic
D:2:      minmay_diamond_boxcup, layout_loops_corners
D:3:      layout_loops_ring, due_unseen_surprise
D:4:      layout_cave_pods, minitemple, uniq_sigmund, uniq_edmund
D:5:      layout_basic, nemelex_spade_bored_becter, serial_bayou_lake_a

Skill      XL: |  1  2  3  4 |
---------------+-------------+-----
Unarmed Combat | 3 4 5 |  5.7
Fighting       | |  1.7
Throwing       | |  1.7
Dodging        | |  2.6

Action                   |  1- 3 |  4- 6 || total
-------------------------+-------+-------++-------
Melee: Unarmed           |    49 |       ||    49
       Punch             |     5 |     2 ||     7
       Dagger            |   138 |    52 ||   190
Throw: Throwing net      |       |     1 ||     1
  Use: Scroll            |     2 |     1 ||     3
       Potion            |     1 |     2 ||     3
 Stab: Sleeping          |     6 |       ||     6
Armor: Leather armour    |    37 |    15 ||    52
       Ring mail         |     2 |       ||     2
Dodge: Dodged            |    89 |    17 ||   106
